 Dungeon Crawl Stone Soup version 0.19-a0-904-ga29959e (webtiles) character file.

13778 Gottschkopf the Thaumaturge (level 11, -17/68 HPs)
             Began as a Deep Elf Conjurer on July 5, 2016.
             Was a High Priest of Sif Muna.
             Demolished by a death yak (27 damage)
             ... in an ice cave.
             The game lasted 00:48:51 (13917 turns).

Gottschkopf the Thaumaturge (Deep Elf Conjurer)    Turns: 13917, Time: 00:48:51

Health: -17/68     AC:  9    Str: 11    XL:     11   Next: 80%
Magic:  0/29       EV: 19    Int: 26    God:    Sif Muna [*****.]
Gold:   366        SH:  0    Dex: 19    Spells: 8 memorised, 3 levels left

rFire  + . .     SeeInvis .     C - +7 quarterstaff of Ascent {drain, Str+3 Int+2}
rCold  + + +     Gourm    .     s - +0 robe {rC+ rF+}
rNeg   . . .     Faith    .     (shield currently unavailable)
rPois  .         Spirit   .     (no helmet)
rElec  .         Dismiss  +     l - +0 cloak
rCorr  .         Reflect  .     o - +2 pair of gloves
SustAt .         Harm     .     x - +0 pair of boots
MR     ++...     Clarity  +     v - amulet "Vereen" {Dismiss +Inv rC+ Str+3 Dex+4}
Stlth  ++........               G - ring of protection from cold (curse)
                                D - ring of wizardry

@: very resistant to hostile enchantments, unstealthy
A: hooves 1, thin metallic scales 1, berserk 1, clarity, magic resistance 1,
robust 1, evolution 2, subdued magic 1
a: Divine Energy, Channel Magic, Forget Spell, Renounce Religion, Evoke
Invisibility


You were in an ice cave.
You worshipped Sif Muna.
Sif Muna was extremely pleased with you.
You were very hungry.

You visited 3 branches of the dungeon, and saw 13 of its levels.
You also visited: Sewer and Ice Cave.

You collected 847 gold pieces.
You spent 481 gold pieces at shops.

Inventory:

Hand Weapons
 C - the +7 quarterstaff of Ascent (weapon) {drain, Str+3 Int+2}
   (You found it on level 4 of the Dungeon)

   A truly terrible weapon, it drains the life of those it strikes.
   It affects your strength (+3).
   It affects your intelligence (+2).
Armour
 g - a +2 buckler
 l - a +0 cloak (worn)
 o - a +2 pair of gloves (worn)
 s - a +0 robe of resistance (worn)
 x - a +0 pair of boots (worn)
 O - a troll hide
 Q - a steam dragon hide
Jewellery
 v - the amulet "Vereen" (around neck) {Dismiss +Inv rC+ Str+3 Dex+4}
   (You found it on level 7 of the Dungeon)

   [amulet of dismissal]

   It may teleport away creatures that harm you.
   It affects your strength (+3).
   It affects your dexterity (+4).
   It protects you from cold.
   It lets you turn invisible.
 D - a ring of wizardry (left hand)
 G - a cursed ring of protection from cold (right hand)
 I - an uncursed amulet of harm
 P - the ring of Atheism {Wiz Int+4, unknown}
   (You found it in an ice cave)

   [ring of wizardry]

   It improves your spell success rate.
   It affects your intelligence (+4).
Scrolls
 i - a scroll of immolation
 q - 5 scrolls of remove curse
 r - a scroll of amnesia
 t - 7 scrolls of teleportation
 y - a scroll of fog
 B - a scroll of enchant weapon
Potions
 e - 3 potions of cancellation
 f - 2 potions of ambrosia
 m - 5 potions of curing
 n - a potion of cure mutation {unknown}
 p - a potion of haste {unknown}
 u - 2 potions of heal wounds
 w - a potion of invisibility {unknown}
 z - a potion of flight
 E - a potion of berserk rage
 H - a potion of might
 L - a potion of resistance
 N - a potion of magic {unknown}
Books
 b - a book of Conjurations

   Spells                             Type                      Level
   a - Magic Dart                     Conjuration                  1
   b - Searing Ray                    Conjuration                  2
   c - Dazzling Spray                 Conjuration/Hexes            3
   d - Fulminant Prism                Conjuration/Hexes            4
   e - Iskenderun's Mystic Blast      Conjuration                  4
   f - Iskenderun's Battlesphere      Conjuration/Charms           5
 J - a book of Frost

   Spells                             Type                      Level
   a - Freeze                         Ice                          1
   b - Throw Frost                    Conjuration/Ice              2
   c - Ozocubu's Armour               Charms/Ice                   3
   d - Throw Icicle                   Conjuration/Ice              4
   e - Summon Ice Beast               Ice/Summoning                4
 M - an Akashic Record

   Spells                             Type                      Level
   a - Dispersal                      Translocation                6
   b - Malign Gateway                 Summoning/Translocation      7
   c - Disjunction                    Translocation                8
   d - Controlled Blink               Translocation                8
 S - a book of the Tempests

   Spells                             Type                      Level
   a - Static Discharge               Conjuration/Air              3
   b - Lightning Bolt                 Conjuration/Air              5
   c - Fireball                       Conjuration/Fire             5
   d - Tornado                        Air                          9
   e - Shatter                        Earth                        9
Miscellaneous
 F - a sack of spiders
Comestibles
 a - a slice of pizza
 c - 3 bread rations
 d - 4 meat rations
 h - 3 beef jerkies
 j - 12 royal jellies
 K - 3 fruits


   Skills:
 - Level 4.6 Fighting
 - Level 8.1 Dodging
 - Level 2.4 Stealth
 - Level 12.7 Spellcasting
 - Level 11.3 Conjurations
 - Level 4.2 Charms
 - Level 7.6 Translocations
 - Level 1.9 Ice Magic
 + Level 6.3 Air Magic


You had 3 spell levels left.
You knew the following spells:

 Your Spells              Type           Power        Failure   Level  Hunger
a - Magic Dart            Conj           ####         0%          1    None
b - Searing Ray           Conj           ######       1%          2    None
c - Iskenderun's Mystic   Conj           ######..     1%          4    None
d - Fulminant Prism       Conj/Hex       #####.....   1%          4    None
e - Iskenderun's Battles  Conj/Chrm      #####...     1%          5    ###....
f - Ozocubu's Armour      Chrm/Ice       ####....     1%          3    None
g - Controlled Blink      Tloc           N/A          100%        8    #######
h - Lightning Bolt        Conj/Air       #####.....   1%          5    ###....


Dungeon Overview and Level Annotations

Branches:
Dungeon (11/15)            Temple (1/1) D:6            Lair (0/6) D:8
    Orc (1/2) D:11

Altars:
Ashenzari
Cheibriados
Dithmenos
Elyvilon
Gozag
Hepliaklqana
Kikubaaqudgha
Makhleb
Nemelex Xobeh
Pakellas
Qazlal
Ru
Sif Muna
Trog
Vehumet
Xom
Zin
The Shining One

Shops:
D:7 *   D:8 *   D:11 *!**


Innate Abilities, Weirdness & Mutations

You have large cloven feet.
You are partially covered in thin metallic scales. (AC +2)
You tend to lose your temper in combat.
You possess an exceptional clarity of mind.
You are resistant to hostile enchantments. (MR+)
You are robust. (+10% HP)
You rapidly evolve.
Your spells are a little easier to cast, but a little less powerful.


Message History

The death yak is almost dead.
The death yak gores you.
Casting: Magic Dart
Confirm with . or Enter, or press ? or * to list all spells.
Aiming: Magic Dart
Press: ? - help, Shift-Dir - straight line, f/p - death yak
Aim: a death yak (almost dead)
The magic dart hits the death yak.
The death yak is almost dead.
The death yak gores you!!
* * * LOW HITPOINT WARNING * * *
Casting: Magic Dart
Confirm with . or Enter, or press ? or * to list all spells.
Aiming: Magic Dart
Press: ? - help, Shift-Dir - straight line, f/p - death yak
Aim: a death yak (almost dead)
The magic dart hits the death yak.
The death yak is almost dead.
The death yak gores you!!
You die...

###### ## #######....##
##. ##.##...##.#.## ##..
####.#...#####.#.####...
###....#..##
#§§§####...##
###...#..####
##.§§##...###
###...####..# ##§§§##..#
# ###...### ######
#§§###..### #...###
###...@### #..####..##
##..#
#..####Y.#####..##....#
##.### #.###
##...####....#.##
..#########...#
#..###.########
#...##..(.....#
##....#....#
#..###...⌠...##
##.÷#####.###
###..##.....##
##.....Y#..# ##....#####
####.##..### ###.##
#####...##


You could see a death yak.

Vanquished Creatures
  Pikel (D:7)
  A hill giant (D:11)
  An orc sorcerer (Orc:1)
  2 centaur skeletons
  2 trolls
  A two-headed ogre (D:9)
  Grinder (D:4)
  19 yaks
  2 hippogriffs
  A hill giant zombie (D:11)
  A wraith (D:11)
  3 hungry ghosts
  A steam dragon (D:10)
  Edmund (D:6)
  3 wargs (D:8)
  2 water moccasins
  Purgy (Sewer)
  4 orc warriors
  5 sky beasts
  A necrophage (D:7)
  4 ice beasts
  4 slaves (D:7)
  An eye of draining (D:11)
  An ogre (D:8)
  A phantom (D:9)
  9 wolves (IceCv)
  A crocodile (D:8)
  7 centaurs (D:10)
  Blork the orc (D:6)
  A big kobold (D:10)
  3 giant frogs
  A water moccasin zombie (D:9)
  2 scorpions
  A troll zombie (D:11)
  3 killer bees (D:9)
  6 wights
  3 howler monkeys (D:10)
  8 crimson imps
  A giant frog zombie (D:5)
  2 centaur zombies
  A quasit (D:11)
  5 jellies
  5 orc priests
  10 hounds
  A giant frog skeleton (D:11)
  Jessica (D:3)
  Natasha (thrice) (D:3)
  Terence (D:3)
  7 orc wizards
  7 worker ants
  2 killer bee zombies
  6 ogre zombies (D:11)
  2 hound skeletons (D:10)
  A hound zombie (D:6)
  13 adders
  A river rat (D:4)
  A howler monkey skeleton (D:5)
  4 shadow imps
  12 white imps (Orc:1)
  5 oozes (D:8)
  2 adder skeletons (D:4)
  An adder zombie (D:7)
  A worm (D:4)
  2 dart slugs
  2 giant geckos
  30 orcs
  2 ball pythons (D:3)
  15 bats
  6 giant cockroaches
  4 goblins
  4 hobgoblins
  4 jackals
  6 quokkas
  A giant cockroach zombie (D:5)
  4 giant newts
  2 goblin skeletons (D:11)
  5 goblin zombies (D:11)
  3 hobgoblin skeletons (D:11)
  3 hobgoblin zombies (D:11)
  9 kobolds
  2 orc skeletons (D:11)
  9 orc zombies (D:11)
  A quokka skeleton (D:6)
  9 rats
  A fulminant prism (Orc:1)
329 creatures vanquished.

Vanquished Creatures (others)
  An ugly thing (D:2)
  A polar bear (IceCv)
  A wolf (IceCv)
  15 fulminant prisms
18 creatures vanquished.

Grand Total: 347 creatures vanquished

Notes
Turn   | Place    | Note
-------+----------+-------------------------------------------
     0 | D:1      | Gottschkopf the Deep Elf Conjurer began the quest for the Orb.
     0 | D:1      | Reached XP level 1. HP: 10/10 MP: 6/6
   241 | D:1      | Reached XP level 2. HP: 15/15 MP: 6/8
   273 | D:1      | Reached skill level 4 in Spellcasting
   280 | D:1      | Learned a level 2 spell: Searing Ray
   797 | D:2      | Found an oddly glowing altar of Pakellas.
   797 | D:2      | Noticed a green ugly thing
   810 | D:2      | Killed a cyan ugly thing
   914 | D:2      | You fall through a shaft!
   952 | D:3      | Found a shimmering altar of Xom.
   953 | D:3      | Noticed a crimson imp
   953 | D:3      | Noticed a crimson imp
   968 | D:3      | Noticed a sky beast
   975 | D:3      | Killed a sky beast
   975 | D:3      | Reached skill level 6 in Spellcasting
   975 | D:3      | Reached XP level 3. HP: 10/19 MP: 4/13
   975 | D:3      | Reached XP level 4. HP: 12/24 MP: 4/14
   982 | D:3      | Gained mutation: You possess an exceptional clarity of mind. [mutagenic meat]
   985 | D:3      | Gained mutation: You evolve. [mutagenic meat]
   988 | D:3      | Gained mutation: You are weak. (Str -2) [mutagenic meat]
   991 | D:3      | Gained mutation: You have large cloven feet. [mutagenic meat]
   994 | D:3      | Gained mutation: You have a pair of small horns on your head. [mutagenic meat]
  1281 | D:3      | Learned a level 4 spell: Iskenderun's Mystic Blast
  1286 | D:3      | Learned a level 4 spell: Fulminant Prism
  1317 | D:3      | Noticed Natasha
  1324 | D:3      | Killed Natasha
  1324 | D:3      | Reached XP level 5. HP: 17/28 MP: 10/16
  1356 | D:3      | Reached skill level 5 in Conjurations
  1467 | D:3      | Noticed Natasha
  1472 | D:3      | Killed Natasha
  1743 | D:3      | Reached XP level 6. HP: 32/32 MP: 12/17
  1750 | D:3      | Learned a level 5 spell: Iskenderun's Battlesphere
  1900 | D:3      | Reached skill level 1 in Charms
  1938 | D:3      | Noticed Natasha
  1943 | D:3      | Killed Natasha
  2159 | D:3      | Found a hazy altar of Hepliaklqana.
  2165 | D:3      | Noticed Terence
  2171 | D:3      | Killed Terence
  2175 | D:3      | Noticed Jessica
  2203 | D:3      | Killed Jessica
  2675 | D:4      | Noticed Grinder
  2678 | D:4      | Paralysed by Grinder for 3 turns
  2682 | D:4      | Killed Grinder
  2682 | D:4      | Reached XP level 7. HP: 36/36 MP: 5/19
  2698 | D:4      | Reached skill level 7 in Spellcasting
  2781 | D:4      | Got a crystal quarterstaff
  2782 | D:4      | Identified the +7 quarterstaff of Ascent {drain, Str+3 Int+2} (You found it on level 4 of the Dungeon)
  2976 | D:4      | Found a glowing drain.
  2984 | Sewer    | Entered a sewer
  3121 | Sewer    | Noticed Purgy
  3128 | Sewer    | Killed Purgy
  3128 | Sewer    | Reached skill level 8 in Spellcasting
  3256 | D:4      | You fall through a shaft!
  3256 | D:5      | Entered Level 5 of the Dungeon
  3315 | D:5      | Gained mutation: Your spells are a little easier to cast, but a little less powerful. [evolution]
  3672 | D:5      | Reached skill level 9 in Spellcasting
  3719 | D:5      | Reached XP level 8. HP: 41/41 MP: 14/23
  4066 | D:6      | Found a staircase to the Ecumenical Temple.
  4070 | Temple   | Entered the Ecumenical Temple
  4099 | Temple   | Became a worshipper of Sif Muna the Loreminder
  4130 | D:6      | Reached skill level 5 in Dodging
  4260 | D:6      | Noticed Blork the orc
  4265 | D:6      | Killed Blork the orc
  4328 | D:6      | Noticed Edmund
  4448 | D:6      | Killed Edmund
  4861 | D:6      | Gained mutation: You are robust. (+10% HP) [evolution]
  5059 | D:6      | Found an opulent altar of Gozag.
  5200 | D:6      | Reached skill level 10 in Spellcasting
  5200 | D:6      | Reached XP level 9. HP: 42/49 MP: 17/25
  5601 | D:7      | Gained mutation: You tend to lose your temper in combat. [mutagenic meat]
  5607 | D:7      | Gained mutation: You rapidly evolve. [mutagenic meat]
  5610 | D:7      | Lost mutation: You are weak. (Str -2) [mutagenic meat]
  5624 | D:7      | Reached skill level 11 in Spellcasting
  5752 | D:7      | Reached * piety under Sif Muna
  5758 | D:7      | Gained mutation: You are partially covered in thin metallic scales. (AC +2) [evolution]
  5841 | D:7      | Found Reol's Assorted Antiques.
  5876 | D:7      | Noticed Pikel
  5888 | D:7      | Killed Pikel
  5888 | D:7      | Reached skill level 12 in Spellcasting
  6104 | D:7      | Got a twitching bronze amulet
  6105 | D:7      | Identified the amulet "Vereen" {Dismiss +Inv rC+ Str+3 Dex+4} (You found it on level 7 of the Dungeon)
  6118 | D:7      | Found a shadowy altar of Dithmenos.
  6302 | D:7      | Found a burning altar of Makhleb.
  6330 | D:7      | Reached skill level 1 in Fighting
  6508 | D:7      | Found an ancient bone altar of Kikubaaqudgha.
  6903 | D:8      | Found Suriam's General Store.
  7208 | D:8      | Found a staircase to the Lair.
  7242 | D:8      | Gained mutation: You are resistant to hostile enchantments. (MR+) [evolution]
  7339 | D:8      | Reached XP level 10. HP: 61/61 MP: 20/28
  7370 | D:8      | Found a sparkling altar of Nemelex Xobeh.
  7546 | D:8      | Learned a level 3 spell: Ozocubu's Armour
  7867 | D:9      | Reached skill level 1 in Ice Magic
  7981 | D:9      | Reached ** piety under Sif Muna
  8053 | D:9      | Learned a level 8 spell: Controlled Blink
  8067 | D:9      | Reached skill level 1 in Translocations
  8390 | D:9      | Reached skill level 5 in Translocations
  8699 | D:9      | Found a radiant altar of Vehumet.
  8724 | D:9      | Lost mutation: You have a pair of small horns on your head. [evolution]
  8814 | D:10     | Entered Level 10 of the Dungeon
  8914 | D:10     | Reached *** piety under Sif Muna
 10570 | D:11     | Noticed a hill giant
 10575 | D:11     | Killed a hill giant
 10575 | D:11     | Reached XP level 11. HP: 68/68 MP: 20/29
 10950 | D:11     | Found Posoah's Distillery.
 10957 | D:11     | Bought a potion of degeneration for 16 gold pieces
 10969 | D:11     | Found Urries's Elemental Accessories.
 11094 | D:11     | Reached skill level 10 in Conjurations
 11243 | D:11     | Found Catz's General Store.
 11512 | D:11     | Reached **** piety under Sif Muna
 11993 | D:11     | Found Pannass's Assorted Antiques.
 12003 | D:11     | Bought a leatherbound book for 465 gold pieces
 12009 | D:11     | Learned a level 5 spell: Lightning Bolt
 12047 | D:11     | Found a staircase to the Orcish Mines.
 12154 | D:11     | Reached skill level 1 in Air Magic
 12603 | Orc:1    | Entered Level 1 of the Orcish Mines
 12611 | Orc:1    | Noticed an orc sorcerer
 12616 | Orc:1    | Killed an orc sorcerer
 12756 | Orc:1    | Found a frozen archway.
 12765 | IceCv    | Entered an ice cave
 12895 | IceCv    | Reached ***** piety under Sif Muna
 13037 | IceCv    | Got a smoking glass ring
 13069 | IceCv    | Reached skill level 5 in Air Magic
 13561 | IceCv    | Noticed a death yak
 13561 | IceCv    | Noticed a death yak
 13917 | IceCv    | Demolished by a death yak

Vault maps used:
D:1:      dpeg_arrival_pits
D:2:      fedhas_altar_1, gammafunk_pakellas_cloud_experiment
D:3:      overflow_temple_1_default, led_xom_imps, uniq_jessica, uniq_terence,
          uniq_natasha
D:4:      gammafunk_temple_overflow_forgotten, gup_sewer_entry_bubbles,
          uniq_grinder
D:5:      first_bread
D:6:      minmay_misc_feat_columns, minmay_splitting_lines, hex_medium,
          minmay_misc_feat_nine_boxes, grunt_gozag_statues, uniq_blork_the_orc,
          uniq_edmund
D:7:      kennysheep_little_box, nicolae_overflow_crystal_walls,
          grunt_dithmenos_smoke_and_mirrors, serial_shops, shop, uniq_pikel
D:8:      kennysheep_six_static_rooms, nemelex_xobeh_ov_fountains_minmay,
          erik_lair_orcish_takeover, serial_shops, nicolae_shop_window_shopping,
          hangedman_little_slice_of_home, kennysheep_cluttered_room
D:9:      lemuel_coloured_pillars_altar
D:10:     centaur_isle
D:11:     zombieorc2_lemuel, serial_shops, nicolae_shop_stone, shop, shop,
          nicolae_elemental_shop
Temple:   minmay_temple_bridge_abc
Orc:1:    portal_ice_cave_entry_imps, nicolae_orc_rockfall, uniq_maud
Sewer:    sewer_big_baddie
IceCv:    ice_cave_caverns_03

Skill      XL: |  1  2  3  4  5  6  7  8  9 10 11 |
---------------+----------------------------------+-----
Spellcasting   | 6 9 10 12 | 12.7
Conjurations   | 6 7 9 11 | 11.3
Charms         | 4 |  4.2
Dodging        | 3 8 |  8.1
Fighting       | 4 |  4.6
Ice Magic      | 1 |  1.9
Translocations | 7 |  7.6
Air Magic      | 6 |  6.3
Stealth        | |  2.4

Action                   |  1- 3 |  4- 6 |  7- 9 | 10-12 || total
-------------------------+-------+-------+-------+-------++-------
Melee: Dagger            |       |    44 |       |       ||    44
       Kick              |       |     8 |       |       ||     8
       Headbutt          |       |     4 |       |       ||     4
       Quarterstaff      |       |       |    22 |    32 ||    54
 Cast: Magic Dart        |    38 |    69 |   190 |   307 ||   604
       Searing Ray       |     1 |     6 |     2 |     8 ||    17
       Iskenderun's Myst |       |     8 |    44 |    73 ||   125
       Iskenderun's Batt |       |     1 |    20 |    47 ||    68
       Fulminant Prism   |       |     1 |     3 |    12 ||    16
       Lightning Bolt    |       |       |       |     1 ||     1
 Abil: Evoke Invisibilit |       |       |       |     1 ||     1
  Use: Scroll            |       |       |    16 |     9 ||    25
  Eat: Chunk             |       |    11 |    22 |    13 ||    46
       Bread ration      |       |       |       |     1 ||     1
       Meat ration       |       |       |       |     1 ||     1
       Royal jelly       |       |       |       |     1 ||     1
Armor: Robe              |       |    11 |    24 |    42 ||    77
Dodge: Dodged            |     5 |    62 |    54 |   157 ||   278
